[Event "Championnat du monde jeunes U12F"]
[Date "2024.11.15"]
[White "Potikha, Shelley"]
[Black "Tu, Audrey"]
[WhiteElo "1561"]
[BlackElo "1765"]
[Round "1.25"]
[Result "0-1"]
[TimeControl "5400+30"]

1. e4 e5 2. Nf3 Nc6 3.
Bc4 Bc5 4. c3 Nf6 5. d4 exd4 6. O-O Nxe4 7. cxd4 d5 8. dxc5 dxc4 9. Qe2 Qd3 10. Re1 f5 11. Nc3 O-O 12. Nxe4 fxe4 13. Qxe4 Bf5 14. Qh4 Rae8 15. Bf4 Nd4 16. Ne5 Qc2 17. Rad1 Ne2+ 18. Kh1 Nxf4 19. Qxf4 Bd3 20. Qd4 Rd8 21. Qg4 Qxf2 22. Qe6+ Kh8 23. Nxd3 cxd3 24. Qe3 d2 25. Qxf2 Rxf2 26. Rg1 Rd5 27. h3 Rxc5 28. Rgf1 Rxf1+ 29. Rxf1 Rc1 0-1

[Variant "Standard"]
[Site "Europe Echecs"]

[Event "Championnat du monde jeunes U12F"]
[Date "2024.11.15"]
[White "Jacome Revelo, Daniela Alexandra"]
[Black "Mrad, Anahid"]
[WhiteElo "1764"]
[BlackElo "1558"]
[Round "1.26"]
[Result "0-1"]
[TimeControl "5400+30"]

1. e4 e5 2. Nf3 Nc6 3. Bc4 Nf6 4. d3 Bc5 5. c3 d5 6. exd5 Nxd5 7. Qb3 O-O 8. Bxd5 Na5 9. Qb5 Qxd5 10. Qxa5 Bxf2+ 11. Kxf2 Qxa5 12. Na3 Bf5 13. Rd1 Rfd8 14. Nc4 Qb5 15. a4 Qb3 16. Be3 Bxd3 17. Nfd2 Qxd1 18. Rxd1 Bxc4 19.
Nxc4 Rxd1 20. Nd2 Rd8 21. Ke2 Ra1 22. b3 f5 23. g3 h6 24. h4 Re8 25. Kf3 Rd8 26. Ke2 a6 27. c4 Kf7 28. Nf3 e4 29. Nd2 Rd3 30. Bf4 Rh1 31. Bxc7 Rh2+ 32. Ke1 Rdxd2 33. g4 fxg4 34.
Bxh2 Rxh2 35. b4 g3 36. Kf1 e3 37. b5 e2+ 38. Ke1 g2 39. Kxe2 g1=Q+ 40. Kf3 Qd4 41. c5 Rf2+ 42. Kg3 Qf4+ 43. Kh3 Rh2# 0-1

[Variant "Standard"]
[Site "Europe Echecs"]

[Event "Championnat du monde jeunes U12F"]
[Date "2024.11.15"]
[White "Moscovitch, Shelly"]
[Black "Alcantara, Levanah"]
[WhiteElo "1552"]
[BlackElo "1753"]
[Round "1.27"]
[Result "1/2-1/2"]
[TimeControl "5400+30"]

1. e4 e6 2. d4 d5 3. e5 c5 4. c3 Nc6 5. Nf3 Nge7 6. Na3 cxd4 7. cxd4 Nf5 8. Nc2 Nb4 9. Nxb4 Bxb4+ 10. Bd2 Qa5 11. Be2 Bd7 12. a3 Bxd2+ 13. Qxd2 Qxd2+ 14. Kxd2 Ke7 15. Rac1 Rac8 16. Bd3 a5 17. b4 axb4 18. axb4 Ra8 19. Ra1 h5 20. Rhc1 Nh6 21. Rxa8 Rxa8 22. Rc7 Ra2+ 23. Ke1 Kd8 24. Rxb7 Ng4 25. Nd2 Kc8 26. Rb6 Ba4 27. h3 Nxf2 28. Ba6+ Kd8 29. Rb8+ Ke7 30. Rb7+ Kf8 31. Rb8+ Ke7 32. Rb7+ Ke8 33. Rb8+ Kd7 34. Rb7+ 1/2-1/2

[Variant "Standard"]
[Site "Europe Echecs"]

[Event "Championnat du monde jeunes U12F"]
[Date "2024.11.15"]
[White "Aadya Ranganath"]
[Black "Liang, Candice"]
[WhiteElo "1753"]
[BlackElo "1551"]
[Round "1.28"]
[Result "1-0"]
[TimeControl "5400+30"]

1. e4 c5 2. Nf3 Nc6 3. d4 cxd4 4. Nxd4 g6 5. c4 Bg7 6. Be3 Nf6 7. Nc3 O-O 8. Be2 d6 9. O-O Bd7 10. Kh1 Rc8 11. f4 Na5 12. b3 a6 13. Rc1 Nc6 14. Bf3 h5 15. h3 Kh7 16. Nd5 e6 17. Nc3 Qe7 18. Nc2 Ne8 19. Na4 b5 20. Nb6 Rb8 21. c5 Bc8 22. cxd6 Qxd6 23. Qe2 e5 24. Rfd1 Qe6 25. f5 Qe7 26. Ne1 Qb7 27. Qc2 Na7 28. Rd8 Nf6 29. Rxf8 Bxf8 30. fxg6+ Kxg6 31. Nd5 Bg7 32. Qf2 Nc6 33. Rxc6 Be6 34. Rc7 Bxd5 35. Rxb7 Bxb7 36. Qg3+ Kh7 37. Qxe5 Nxe4 38. Bxe4+ Bxe4 39. Qxb8 Bb1 40.
a4 bxa4 41. bxa4 Bg6 42. Nf3 f6 43. Qb7 a5 44. Bd4 Kg8 45. Ng5 h4 46. Qc8+ Bf8 47. Qe6+ 1-0

[Variant "Standard"]
[Site "Europe Echecs"]

[Event "Championnat du monde jeunes U12F"]
[Date "2024.11.15"]
[White "Laurincova, Timea"]
[Black "Baruch, Amit"]
[WhiteElo "1549"]
[BlackElo "1747"]
[Round "1.29"]
[Result "0-1"]
[TimeControl "5400+30"]

1. e4 e5 2. Nf3 Nc6 3. Bc4 Bc5 4. c3 Nf6 5. d3 d6 6. h3 a6 7. Nbd2 Ba7 8. Nf1 d5 9. exd5 Nxd5 10. Ng3 Be6 11. Bb3 Qd7 12. Ba4 f6 13. Bxc6 Qxc6 14. d4 exd4 15. Nxd4 Bxd4 16. Qxd4 O-O-O 17. O-O Rhe8 18. Qh4 Nb6 19. Be3 Nc4 20. Bc1 Ne5 21. a3 Bc4 22. Be3 Bxf1 23. Rxf1 Nc4 24. Qg4+ Qe6 25. Qxe6+ Rxe6 26. Bc1 Red6 27. Nf5 Rd1 28. Ne3 Rxf1+ 29. Kxf1 Nxe3+ 30. Bxe3 Rd1+ 31.
Ke2 Rb1 32. b4 Ra1 33. Kd2 Rxa3 34. Kc2 Ra2+ 35. Kb3 Re2 36. g3 Kd7 37. Kc4 b6 38. h4 Rb2 39. Bd4 Kc6 40. Be3 a5 41. bxa5 bxa5 42. Bc5 a4 43. Bf8 Kb6 44. Ba3 Rb5 45. Bb4 c5 46. Ba3 Kc6 47. f3 Rb3 48. Bxc5 Rxc3+ 49. Kxc3 Kxc5 50. g4 Kd5 51. Kb4 Ke5 52. Kxa4 Kf4 53. Kb4 Kxf3 54. g5 f5 55. h5 f4 56. h6 gxh6 57. gxh6 Ke3 0-1

[Variant "Standard"]
[Site "Europe Echecs"]

[Event "Championnat du monde jeunes U12F"]
[Date "2024.11.15"]
[White "Sabou, Stefania Theodora"]
[Black "Li, Yeeshuen"]
[WhiteElo "1736"]
[BlackElo "1546"]
[Round "1.30"]
[Result "1-0"]
[TimeControl "5400+30"]

1. c4 e5 2. Nc3 Nc6 3. g3 Nf6 4. Bg2 d6 5. e4 Nd4 6. Nge2 c5 7. d3 Bg4 8. h3 Bf3 9. O-O h5 10. Bxf3 Nxf3+ 11. Kg2 Nd4 12. Bg5 Ne6 13. Bxf6 gxf6 14. Nd5 Be7 15. f4 Nc7 16. Qa4+ Kf8 17. Nec3 a6 18. Nb6 Ra7 19. Kh2 Na8 20. Nbd5 Qe8 21. Qxe8+ Kxe8 22. fxe5 fxe5 23. Nxe7 Kxe7 24. Nd5+ Kf8 25. Rf6 b5 26. Rxd6 Ke8 27. Rf1 Nc7 28. Nxc7+ Rxc7 29. Rxa6 Ke7 30. cxb5 Rd7 31. Rf3 Rhd8 32. Raf6 Kf8 33. a4 c4 34. dxc4 Rd2+ 35. Rf2 R2d3 36. Rxf7+ Kg8 37. R7f5 Rb3 38. Rxe5 Rdd3 39. Rg5+ Kh8 40. Rxh5+ Kg7 41. Rg5+ Kh6 42. Rg4 Rf3 43. Rxf3 Rxf3 44. Kg2 Rb3 45. Rf4 Rxb2+ 46. Rf2 Rxf2+ 47. Kxf2 Kg6 48. b6 Kh5 49. b7 Kg5 50. b8=Q Kh5 51. Qg8 Kh6 52. h4 Kh5 53. Qg5# 1-0

[Variant "Standard"]
[Site "Europe Echecs"]

[Event "Championnat du monde jeunes U12F"]
[Date "2024.11.15"]
[White "Hiznicenco, Valeria"]
[Black "Ivaschenko, Anna"]
[WhiteElo "1513"]
[BlackElo "1732"]
[Round "1.31"]
[Result "0-1"]
[TimeControl "5400+30"]

1. e4 e6 2. Nf3 d5 3. Nc3 Nf6 4. e5 Nfd7 5. d4 c5 6. dxc5 Nc6 7. Bb5 Bxc5 8. O-O O-O 9. Re1 Qb6 10. Qe2 Nd4 11. Qd3 Nxb5 12. Nxb5 Bxf2+ 13. Kh1 Bxe1 14. Nxe1 Nxe5 15. Qe2 Ng4 16. Qxg4 Qxb5 17. Nf3 e5 18. Qg3 e4 19. Bh6 Qxb2 20. Rd1 exf3 21. gxf3 Kh8 22. Bf4 Re8 23. Qg5 Qf6 24. Qg3 Bf5 25. Rg1 Bxc2 26. Bg5 Qf5 27. h4 f6 28. Bh6 g6 29. Rg2 Re7 30. Kh2 Rae8 31. Qd6 Qe5+ 32. Qxe5 Rxe5 33. Kh3 Bf5+ 34.
Kh2 Re2 35. Rxe2 Rxe2+ 36. Kg3 d4 37. f4 d3 38. Kf3 Be4+ 0-1

[Variant "Standard"]
[Site "Europe Echecs"]

[Event "Championnat du monde jeunes U12F"]
[Date "2024.11.15"]
[White "Lukin, Yesenia"]
[Black "Zavivaeva, Angelina"]
[WhiteElo "1732"]
[BlackElo "1499"]
[Round "1.32"]
[Result "1/2-1/2"]
[TimeControl "5400+30"]

1. d4 d5 2. Bf4 c5 3. c3 cxd4 4. cxd4 Nc6 5. e3 Nf6 6. Nd2 Bf5 7. Ngf3 e6 8. a3 Be7 9. Be2 O-O 10. O-O Qb6 11. b4 Ne4 12. Nxe4 Bxe4 13. Ne5 Nxe5 14. Bxe5 Rfc8 15. Rc1 Bd6 16. Bxd6 Qxd6 17. Qd2 Rc6 18. Rxc6 bxc6 19. Rc1 Rb8 20. Rc5 Rb6 21. Ra5 Qe7 22. Qc1 h6 23. f3 Bg6 24. Qd1 Qc7 25. Qa4 Rb7 26. Ra6 e5 27. Qxc6 exd4 28. Qxc7 Rxc7 29. exd4 Rc2 30. Kf1 Rc1+ 31. Kf2 Rc2 32. Ke3 Rc3+ 33. Kd2 Rc2+ 34. Kd1 Rc7 35. Ra5 Bc2+ 36. Ke1 Bb3 37. Rc5 Re7 38. Kf2 g6 39. Rc3 Ba2 40. Rc2 Bb1 41. Rb2 Bf5 42. b5 Rb7 43. a4 Kf8 44. a5 Ke7 45. b6 axb6 46. Ba6 Ra7 47. axb6 Ra8 48. Bb7 Rd8 49. Bc6 Kd6 50. b7 Rb8 51. Be8 Be6 52. Ba4 Kc7 53. Rc2+ Kxb7 54. Rb2+ 1/2-1/2

[Variant "Standard"]
[Site "Europe Echecs"]

[Event "Championnat du monde jeunes U12F"]
[Date "2024.11.15"]
[White "Petrusic, Dusica"]
[Black "Xu, Melissa"]
[WhiteElo "1498"]
[BlackElo "1731"]
[Round "1.33"]
[Result "0-1"]
[TimeControl "5400+30"]

1. e4 c5 2. Nf3 Nc6 3. Bb5 d6 4. O-O Nf6 5. Re1 a6 6. Bf1 e6 7. c3 Be7 8. d4 cxd4 9. cxd4 O-O 10. Nc3 b5 11. a3 Bb7 12. b4 Rc8 13. Bb2 Re8 14. Qd2 Qb6 15. Rad1 h6 16. h3 Nh7 17. d5 Nd8 18. Qd4 Qxd4 19. Nxd4 Bf6 20. Rd3 exd5 21. Nf5 Re6 22. Re2 dxe4 23. Rxd6 Re8 24. Rxf6 Nxf6 25. Nd6 Re6 26. Nxc8 Bxc8 27. Rd2 Nc6 28. Nd5 Nxd5 29. Rxd5 e3 30. fxe3 Rxe3 31. Rd6 Bb7 32. Rd7 Ba8 33. Rc7 Re8 34. Bd3 Nb8 35. Bf5 g6 36. Rc8 Rxc8 37. Bxc8 Bc6 38. Be5 Bd7 39. Bb7 Nc6 40. Bg3 Nd4 41. Be5 Nf5 42. Bxa6 Bc6 43. Bc8 Ne3 44. g3 Nc4 45. Bd4 Nxa3 46. Kf2 Nc4 47. Bg4 Nd6 48. Bf3 Bd7 49. h4 Nf5 50. Bc5 Ng7 51. g4 Ne6 52. Kg3 Kg7 53. Bd5 Nc7 54. Bb3 g5 55. hxg5 hxg5 56. Bd4+ f6 57. Bc2 Ne8 58. Bc5 Nc7 59. Bd3 Nd5 60. Bd6 Kf7 61. Bc5 Nf4 62. Bc2 Ne2+ 63. Kf3 Nc3 64. Kg3 Bc6 65. Kh3 Ke6 66. Bf5+ Ke5 67. Kg3 Be4 68. Kf2 Bxf5 69. gxf5 Ne4+ 70. Kf3 Nxc5 71. bxc5 b4 72. Ke3 Kd5 0-1

[Variant "Standard"]
[Site "Europe Echecs"]

[Event "Championnat du monde jeunes U12F"]
[Date "2024.11.15"]
[White "Harutyunyan, Gabriela"]
[Black "Canossa, Elena"]
[WhiteElo "1730"]
[BlackElo "1482"]
[Round "1.34"]
[Result "1-0"]
[TimeControl "5400+30"]

1. e4 e5 2. Nf3 Nf6 3. Nxe5 d6 4. Nf3 Nxe4 5. Nc3 Nxc3 6. dxc3 Be7 7. Be3 a6 8. Qd2 Nc6 9. Bd3 f6 10. h4 Be6 11. Nd4 Nxd4 12. cxd4 Qd7 13. a3 d5 14. O-O-O O-O-O 15. Rhe1 Bd6 16. Qa5 Qc6 17. Kb1 Qb6 18. Qc3 Kb8 19. Be2 f5 20. g3 h6 21. Bf3 Rhg8 22. Bxh6 Bxg3 23. Bg5 Bxf2 24.
Re2 Bxd4 25. Qxd4 Qxd4 26. Rxd4 Rd6 27.
Bf4 Rc6 28. Bxd5 Bxd5 29. Rxd5 g6 30.
Rd7 Rc4 31. Bg5 Kc8 32. Red2 b6 33. b3 Re4 34. Bd8 c6 35. Bxb6 Rxh4 36. Rc7+ Kb8 37. Rdd7 g5 38. Rb7+ Ka8 39. Bc5 g4 40. Ra7+ Kb8 41. Bd6+ Kc8 42. Rdc7+ Kb8 43. Rcb7+ Kc8 44. Rb8# 1-0

[Variant "Standard"]
[Site "Europe Echecs"]

[Event "Championnat du monde jeunes U12F"]
[Date "2024.11.15"]
[White "Yang, Hayeon"]
[Black "Li, Peishan"]
[WhiteElo "1482"]
[BlackElo "1729"]
[Round "1.35"]
[Result "0-1"]
[TimeControl "5400+30"]

1. e4 c5 2. Nf3 e6 3. d4 cxd4 4. Nxd4 a6 5. Nc3 Qc7 6. Be2 Nf6 7. Nf3 Bb4 8. Qd3 Nxe4 9. Bd2 Nxd2 10. Qxd2 O-O 11. O-O Nc6 12. a3 Be7 13. Bd3 d5 14. Ne2 Rd8 15. Qc1 e5 16. Qe3 e4 17. Bxe4 dxe4 18. Qxe4 Bf6 19. Rab1 Be6 20. Ng3 Nd4 21. Nxd4 Rxd4 22. Qe2 Bc4 23. Qf3 Bxf1 24. Rxf1 Qc6 25. Qb3 Rad8 26. c3 Qd5 27. Qxd5 R4xd5 28. h3 Rd1 29. Ne4 Rxf1+ 30.
Kxf1 Rd1+ 31. Ke2 Rb1 32. Nxf6+ gxf6 33.
Kd3 Rxb2 34. Ke3 Rb3 35. Kd3 Rxa3 36.
Kd2 b5 37. Ke2 Rxc3 38. f3 b4 39. Kf2 b3 40. Kg3 b2 41. Kg4 b1=Q 42. h4 Qg6+ 43. Kh3 Rc2 44. h5 Qxg2+ 45. Kh4 Rc4+ 46. f4 Rxf4# 0-1

[Variant "Standard"]
[Site "Europe Echecs"]

[Event "Championnat du monde jeunes U12F"]
[Date "2024.11.15"]
[White "Ribreau, Anna"]
[Black "Istratova, Nika"]
[WhiteElo "1726"]
[BlackElo "1473"]
[Round "1.36"]
[Result "1/2-1/2"]
[TimeControl "5400+30"]

1. c4 c5 2. g3 Nc6 3. Bg2 Nf6 4. Nc3 e6 5. Nf3 Be7 6. O-O O-O 7. d4 d5 8. cxd5 exd5 9. Bg5 c4 10. Ne5 Be6 11. Nxc6 bxc6 12. b3 h6 13. Bf4 cxb3 14. Qxb3 Bd6 15. Bxd6 Qxd6 16. Qa4 Rfc8 17. e4 dxe4 18. Nxe4 Nxe4 19. Bxe4 Bd5 20. Bxd5 cxd5 21. Rac1 a6 22. Rfe1 Kh7 23. Rc2 Rab8 24. Rec1 Rb4 25. Qa5 Rxc2 26. Rxc2 Rxd4 27. Rc7 Qf6 28. Kg2 Rd3 29. Qc5 Qf3+ 30. Kh3 Qf5+ 31. Kg2 g5 32. Qc2 Qf3+ 1/2-1/2

[Variant "Standard"]
[Site "Europe Echecs"]

[Event "Championnat du monde jeunes U12F"]
[Date "2024.11.15"]
[White "Oksanen, Maria"]
[Black "Prokofieva, Alexandra"]
[WhiteElo "1725"]
[BlackElo "1467"]
[Round "1.38"]
[Result "1-0"]
[TimeControl "5400+30"]

1. e4 e5 2. Nf3 Nc6 3. Bb5 Nf6 4. O-O Be7 5. Re1 O-O 6. Bxc6 bxc6 7. Nxe5 Bb7 8. d4 d6 9. Nc4 d5 10. Na5 Rb8 11. e5 Nd7 12. Re3 Bg5 13. Rg3 Bh4 14. Rh3 f5 15. Qh5 f4 16. Rxh4 h6 17. Rg4 Rf6 18. Bxf4 Qe7 19. Bxh6 Rxh6 20. Qxh6 Rf8 21. Nd2 Ba6 22. Nxc6 Qf7 23. Nf3 Nb8 24. e6 Qf6 25. Qxf6 Rxf6 26. e7 Kf7 27. Rxg7+ Kxg7 28. e8=Q Nxc6 29. Re1 Bb5 30. Qd7+ Rf7 31. Qg4+ Kf8 32. Ng5 Nxd4 33. Qxd4 Rf5 34. Qh8# 1-0

[Variant "Standard"]
[Site "Europe Echecs"]

[Event "Championnat du monde jeunes U12F"]
[Date "2024.11.15"]
[White "Jung, Minju"]
[Black "Sinkar, Anagha Aniket"]
[WhiteElo "1457"]
[BlackElo "1723"]
[Round "1.39"]
[Result "0-1"]
[TimeControl "5400+30"]

1. e4 c5 2. Nf3 Nc6 3. d4 cxd4 4. Nxd4 Nf6 5. Nc3 g6 6. Be3 Bg7 7. Be2 O-O 8. O-O b6 9. Qd2 Bb7 10. Bf3 Ne5 11. Qd1 d5 12. exd5 Nxf3+ 13. Qxf3 Nxd5 14. Nxd5 Bxd5 15. Qd1 Bb7 16. c3 Qd7 17. Re1 e6 18. Ne2 Qc6 19. f3 Qb5 20. Qc2 Rfd8 21. Rad1 Rac8 22. Nd4 Qc4 23. Nb3 Qc7 24. Bg5 Rxd1 25. Rxd1 Be5 26. h3 Bh2+ 27. Kh1 Qg3 28. Be7 Bxf3 29. gxf3 Qxh3 30. Qxh2 Qxf3+ 31.
Qg2 Qxd1+ 32. Kh2 Re8 33. Bf6 Qh5+ 34.
Kg1 Qf5 35. Bd4 e5 36. Qe2 Re6 37. Be3 Kg7 38. Qd2 Qg4+ 39. Kf1 Rf6+ 40. Ke1 Qh4+ 41. Kd1 Qh1+ 42. Kc2 Qe4+ 43. Qd3 Qxd3+ 44. Kxd3 h5 45. Bg5 Rf5 46. Bh4 g5 47. Be1 h4 48. Ke4 Kg6 49. Nd2 f6 50. Nf3 Rf4+ 51. Ke3 Kf5 52. b4 Kg4 53. Nh2+ Kh3 54. Nf3 Kg2 55. Nd2 h3 56. Ne4 Rxe4+ 57. Kxe4 h2 58. Bd2 h1=Q 59. Kf5 Qf1+ 60. Kg6 Qd3+ 61. Kxf6 Qxd2 62. Kxe5 Qxc3+ 63. Kf5 Qxb4 64.
Kxg5 Qa5+ 65. Kf4 Qxa2 66. Ke4 Qa5 67.
Kf4 Qh5 68. Ke4 Qg5 69. Kd3 Qf4 70. Ke2 Qf3+ 71. Ke1 Qf2+ 72. Kd1 Kf3 73. Kc1 Ke3 74. Kb1 Kd3 75. Ka1 Kc3 76. Kb1 Qb2# 0-1

[Variant "Standard"]
[Site "Europe Echecs"]

[Event "Championnat du monde jeunes U12F"]
[Date "2024.11.15"]
[White "Bohatyrova, Mariia"]
[Black "Liu, Lillian Yu-Ning"]
[WhiteElo "1722"]
[BlackElo "1456"]
[Round "1.40"]
[Result "1-0"]
[TimeControl "5400+30"]

1. e4 e5 2. Nf3 Nc6 3. Nc3 Nf6 4. d4 exd4 5. Nxd4 Nxd4 6. Qxd4 d6 7. Bc4 Be7 8. O-O O-O 9. Nd5 Nxd5 10. Bxd5 Bf6 11. Qd3 c6 12. Bb3 Re8 13. c3 Be6 14. Bc2 g6 15. f4 b5 16. Bb3 Bxb3 17. axb3 Qb6+ 18. Kh1 c5 19. f5 g5 20. Bd2 c4 21. bxc4 bxc4 22. Qc2 Qb7 23. Rfe1 d5 24. e5 Rxe5 25. Rxe5 Bxe5 26. Bxg5 Kg7 27. f6+ Bxf6 28. Bxf6+ Kxf6 29. Qxh7 Rb8 30. Rf1+ Ke7 31. Rxf7+ Kd6 32. Rxb7 1-0

[Variant "Standard"]
[Site "Europe Echecs"]

[Event "Championnat du monde jeunes U12F"]
[Date "2024.11.15"]
[White "Hrckova, Anna"]
[Black "Allahverdi, Zahra"]
[WhiteElo "1441"]
[BlackElo "1718"]
[Round "1.41"]
[Result "0-1"]
[TimeControl "5400+30"]

1. e4 e5 2. Nf3 Nc6 3. Bb5 a6 4. Ba4 Nf6 5. O-O Nxe4 6. Re1 Nc5 7. Bxc6 dxc6 8. Nxe5 Be7 9. d4 Ne6 10. Be3 O-O 11. a3 f5 12. f4 Rf6 13. Nc3 Nf8 14. Ne2 Rh6 15. Qd2 Bd6 16. Ng3 Be6 17. h3 Ng6 18. Qd3 Qf6 19. c4 Rd8 20. Qc2 Be7 21. Rad1 Qf8 22. Rf1 Bh4 23. Rf3 Ne7 24. a4 Kh8 25. b3 Nc8 26. Qc3 Nd6 27. Qc2 Bxg3 28. Rxg3 Ne4 29. Rf3 Bg8 30. c5 Bd5 31. Rff1 Qg8 32. Rd3 Ng3 33. Rf2 Qe6 34. Qb2 Qf6 35. b4 Kg8 36. b5 cxb5 37. axb5 axb5 38. Qxb5 Ra8 39. Rd1 Ne4 40. Rc2 Qe6 41. Rdc1 Ra3 42. Bf2 Rf6 43. Qd7 Qxd7 44. Nxd7 Rfa6 45. Ne5 R6a4 46. c6 b5 47. Rb2 b4 48. Nd7 Ra2 49. Rcb1 Rxb2 50. Rxb2 b3 51. Bh4 Ra2 52. Rb1 b2 53. Kh2 Nc3 54. Re1 b1=Q 55. Re8+ Kf7 56. Re7+ Kg6 57. Ne5+ Kh6 58. Bg5+ Kh5 59. Rxg7 Rxg2# 0-1

[Variant "Standard"]
[Site "Europe Echecs"]

[Event "Championnat du monde jeunes U12F"]
[Date "2024.11.16"]
[White "Baruch, Amit"]
[Black "Ejsymont, Blanka"]
[WhiteElo "1747"]
[BlackElo "1945"]
[Round "2.1"]
[Result "1/2-1/2"]
[TimeControl "5400+30"]

1. e4 c6 2. d4 d5 3. exd5 cxd5 4. c4 Nf6 5. Nc3 Nc6 6. Nf3 a6 7. Bg5 Be6 8. cxd5 Nxd5 9. Bd3 g6 10. O-O Bg7 11. Be4 O-O 12. Re1 Re8 13. Qd2 Rc8 14. Bh6 Bf6 15. a3 Na5 16. Nxd5 Bxd5 17. Qf4 Nc4 18. Bg5 Bg7 19. Bxd5 Qxd5 20. Rxe7 Rxe7 21. Bxe7 Nxb2 22. Ne5 Nc4 23. Rc1 b5 24. Bf6 Bf8 25. h4 Re8 26. h5 Qe6 27. hxg6 hxg6 28. Qg5 Nxe5 29. dxe5 Bg7 30. Rd1 a5 31. Rd6 Qf5 32. Qxf5 gxf5 33. Ra6 b4 34. Rxa5 bxa3 35. Rxa3 Bxf6 36. exf6 Re6 37. Rf3 Rxf6 38. Kh2 Kg7 39. Kg3 Rg6+ 40. Kh3 Rh6+ 41. Kg3 Rg6+ 42. Kf4 Rxg2 43. Kxf5 Rg6 44. Rg3 Rxg3 45. fxg3 f6 46. g4 Kf7 47. g5 fxg5 48. Kxg5 1/2-1/2

[Variant "Standard"]
[Site "Europe Echecs"]

[Event "Championnat du monde jeunes U12F"]
[Date "2024.11.16"]
[White "Pratitee Bordoloi"]
[Black "Sabou, Stefania Theodora"]
[WhiteElo "1929"]
[BlackElo "1736"]
[Round "2.2"]
[Result "1-0"]
[TimeControl "5400+30"]

1. e4 c5 2. Nf3 g6 3. d4 cxd4 4. Nxd4 Bg7 5. c4 Nc6 6. Be3 d6 7. Nc3 Nf6 8. f3 O-O 9. Qd2 Nxd4 10. Bxd4 Be6 11. b3 Qa5 12. Rc1 Nd7 13. Bxg7 Kxg7 14. Be2 Qh5 15. O-O Qc5+ 16. Kh1 h6 17. f4 Nf6 18. h3 g5 19. b4 Qxb4 20. fxg5 Nh7 21. Rb1 Qc5 22. Rb5 Qc8 23. Nd5 Bxd5 24. Rxd5 Qe6 25. Bg4 Qg6 26. Bf5 Qxg5 27. Qe1 Nf6 28. h4 Qh5 29. g4 Nxg4 30. Bxg4 Qg6 31. h5 Qxg4 32. Rg1 Qxg1+ 33. Qxg1+ Kh7 34. Qb1 Kg7 35. Rd2 b6 36. Rg2+ Kh8 37. Qc1 Kh7 38. Qf4 Rad8 39. Qg4 Rg8 40. Qf5+ Kh8 41. Qxf7 Rxg2 42. Kxg2 Rg8+ 43. Kf3 Rg7 44. Qe8+ Kh7 45. Qb8 Rf7+ 46. Ke3 Kg7 47. Qxa7 Kf6 48. Qxb6 Kg5 49. Qb5+ Kg4 50. a4 1-0

[Variant "Standard"]
[Site "Europe Echecs"]

[Event "Championnat du monde jeunes U12F"]
[Date "2024.11.16"]
[White "Buyankhishig, Batpelden"]
[Black "Ivaschenko, Anna"]
[WhiteElo "1867"]
[BlackElo "1732"]
[Round "2.3"]
[Result "1-0"]
[TimeControl "5400+30"]

1. d4 Nf6 2. c4 e6 3. Nc3 Bb4 4. e3 O-O 5. Bd3 Re8 6. Nf3 Bxc3+ 7. bxc3 d6 8. O-O Nbd7 9. e4 e5 10. Qc2 b6 11. Bg5 h6 12. Bd2 Nf8 13. Nh4 g5 14. Nf5 Bxf5 15. exf5 Qd7 16. f3 N8h7 17. h4 Kh8 18. hxg5 hxg5 19. Rae1 Nh5 20. Kf2 f6 21. Be4 Rad8 22. Rh1 Ng7 23. Bd5 c6 24. Rxh7+ Kxh7 25. Rh1+ Nh5 26. Rxh5+ Kg7 27. Be6 Qe7 28. Bxg5 Rh8 29. Rxh8 Rxh8 30. Be3 Qe8 31. Qe4 Rh1 32. Qg4+ Kh8 33. c5 bxc5 34. dxe5 dxe5 35. Bxc5 Qd8 36.
Bd6 Rh7 37. Qb4 a5 38. Qc5 Qa8 39. Bxe5 Qd8 40. Qd4 Qxd4+ 41. Bxd4 Kg7 42. g4 Kf8 43. Bxf6 c5 44. g5 c4 45. g6 Rf7 46. Bxf7 a4 47. Be6 Ke8 48. g7 1-0

[Variant "Standard"]
[Site "Europe Echecs"]

[Event "Championnat du monde jeunes U12F"]
[Date "2024.11.16"]
[White "Xu, Melissa"]
[Black "Ahmed Mohamed, Zakaa"]
[WhiteElo "1731"]
[BlackElo "1866"]
[Round "2.4"]
[Result "0-1"]
[TimeControl "5400+30"]

1. e4 e5 2. Nf3 d6 3. d4 Nd7 4. Bc4 c6 5. O-O Be7 6. Nc3 Ngf6 7. a4 O-O 8. Re1 Qc7 9. Bb3 h6 10. h3 Re8 11. Be3 Nf8 12. Qd2 Ng6 13. Rad1 Nh5 14. d5 c5 15. Ne2 a6 16. c4 Bd7 17. Nh2 Qb6 18. Qc2 Nf6 19. Nc3 Rf8 20. Rf1 Nh5 21. Ne2 Qd8 22. f4 exf4 23. Bxf4 Nhxf4 24. Nxf4 Nxf4 25. Rxf4 Bg5 26. Rf3 Qe7 27. Re1 Qe5 28. Rc3 Bf6 29. Re2 Rae8 30. g4 h5 31. Qd3 hxg4 32. hxg4 Qf4 33. Qg3 Rxe4 34. Qxf4 Rxf4 35. Rg3 b5 36. axb5 axb5 37. cxb5 Bxb5 38. Rd2 c4 39. Bd1 Rd4 40. Rgg2 Re8 41. Nf3 Rxd2 42. Rxd2 Re4 43. Rg2 Ba6 44. g5 Bd4+ 45. Nxd4 Rxd4 46. Bf3 Bb7 47. Rc2 Bxd5 48. Bxd5 Rxd5 49. Rxc4 Rxg5+ 50. Kf2 Rb5 51. Rc2 Kh7 52. Rd2 d5 53. Kf3 Kg6 54. Rd4 Rxb2 55. Rxd5 Rb4 56. Kg3 f5 57. Rd6+ Kg5 58. Rd5 Rb3+ 59. Kg2 Kg4 60. Rd4+ f4 61. Rc4 g5 62. Rd4 Rb2+ 63. Kg1 Kg3 64. Rd3+ f3 65. Rc3 Rb1+ 0-1

[Variant "Standard"]
[Site "Europe Echecs"]

[Event "Championnat du monde jeunes U12F"]
[Date "2024.11.16"]
[White "Li, Peishan"]
[Black "Tran Le Vy"]
[WhiteElo "1729"]
[BlackElo "1854"]
[Round "2.5"]
[Result "0-1"]
[TimeControl "5400+30"]

1. e4 e5 2. Nf3 Nc6 3. Bc4 Bc5 4. O-O Nf6 5. d3 d6 6. c3 O-O 7. b4 Bb6 8. a4 a6 9. Nbd2 Ne7 10. a5 Ba7 11. Re1 Ng6 12. Nf1 c6 13. Bb3 d5 14. exd5 cxd5 15. Bg5 h6 16. Bxf6 gxf6 17. Qd2 Kh7 18. h3 Be6 19. Ng3 Rg8 20. Kh1 Rc8 21. Rad1 Bb8 22. c4 dxc4 23. dxc4 Qxd2 24. Nxd2 f5 25. c5 Rcd8 26. Bxe6 fxe6 27. Nc4 e4 28. Ne2 Ne5 29. Nxe5 Bxe5 30. f4 Bf6 31. Kg1 Rd3 32. Nc1 Rd5 33. Rxd5 exd5 34. Rd1 d4 35. Kf2 d3 36. Nb3 Bh4+ 37. Kf1 Rd8 38. Nc1 Bg3 39. Kg1 e3 40. Nxd3 e2 41. Rd2 Rxd3 0-1

[Variant "Standard"]
[Site "Europe Echecs"]

[Event "Championnat du monde jeunes U12F"]
[Date "2024.11.16"]
[White "Xue, Tianhao"]
[Black "Harutyunyan, Gabriela"]
[WhiteElo "1835"]
[BlackElo "1730"]
[Round "2.6"]
[Result "0-1"]
[TimeControl "5400+30"]

1. e4 c5 2. Nf3 e6 3. d4 cxd4 4. Nxd4 Nf6 5. Nc3 Nc6 6. Nxc6 bxc6 7. e5 Nd5 8. Ne4 Qc7 9. f4 Rb8 10. c4 Bb4+ 11. Ke2 O-O 12. a3 Be7 13. cxd5 cxd5 14. Nd6 f6 15. Nxc8 Rfxc8 16. exf6 Bxf6 17. h4 Bxb2 18. Bxb2 Rxb2+ 19. Kf3 Qb6 20. Be2 h5 21. Kg3 Qe3+ 22. Bf3 Rc4 23. Qc1 Rxc1 24. Rhxc1 e5 25. fxe5 Qxe5+ 26. Kh3 Qf5+ 27. Kg3 Rb3 28. Kf2 Qf4 29. Kg1 Qd4+ 30. Kh1 Qxh4+ 31. Kg1 Qg5 32. Kh1 Kh7 33. Rd1 Qh4+ 34. Kg1 d4 35. Ra2 Qg5 36. Kh2 h4 37. Rad2 Qf4+ 38. Kh1 h3 39. Rxd4 hxg2+ 40. Bxg2 Qh6+ 41. Kg1 Rg3 42. R4d3 Rg4 43. Kf1 Qf4+ 44. Kg1 Qg5 45. R1d2 Qc5+ 46. Kh2 Rh4+ 47. Rh3 Qe5+ 48. Kh1 Rxh3+ 49. Bxh3 Qe1+ 0-1

[Variant "Standard"]
[Site "Europe Echecs"]

[Event "Championnat du monde jeunes U12F"]
[Date "2024.11.16"]
[White "Xu, Luna Yuexiu"]
[Black "Oksanen, Maria"]
[WhiteElo "1821"]
[BlackElo "1725"]
[Round "2.7"]
[Result "1-0"]
[TimeControl "5400+30"]

1. e4 c5 2. Nc3 d6 3. g3 Nc6 4. Nge2 Nf6 5. Bg2 g6 6. d3 Bg7 7. h3 Rb8 8. Be3 b5 9. Qd2 h5 10. d4 b4 11. Nd1 Nd7 12. O-O Na5 13. b3 Ba6 14. c4 bxc3 15. Ndxc3 Nc6 16. Rfd1 Rb4 17. dxc5 Bxe2 18. Nxe2 Bxa1 19. Rxa1 dxc5 20. Qc3 e5 21. Bxc5 Nxc5 22. Qxc5 Rb6 23. Rc1 Qe7 24. Qd5 Qe6 25. Nc3 Nd8 26. Qc5 Qd6 27. Qc8 O-O 28. Nd5 Nc6 29. Nxb6 Nd4 30. Qc4 axb6 31. Kf1 Qa3 32. Ra1 Qb2 33. Qc1 Qe2+ 34. Kg1 Nc2 35. Rb1 Nb4 36. Rb2 Qa6 37. Qc4 Qa3 38. Rd2 Nxa2 39. Rd1 Qb2 40. Rd6 Nc1 41. Rxb6 Qa1 42. Kh2 Qb2 43. Rxg6+ Kh7 44. Rf6 Qxb3 45. Qxc1 1-0

[Variant "Standard"]
[Site "Europe Echecs"]